 Seeded DCSS version 0.27-a0-668-gb5737ff2c0 (webtiles) character file.

Game seed: 6989727257301152680 (custom seed)

43 Terratoch the Sneak (level 3, 0/16 HPs)
             Began as a Spriggan Enchanter on Mar 17, 2021.
             Slain by a gnoll
             ... wielding a +0 spear
              (8 damage)
             ... on level 2 of the Dungeon.
             The game lasted 00:04:27 (1391 turns).

Terratoch the Sneak (Spriggan Enchanter)            Turns: 1391, Time: 00:04:27

Health: 0/16       AC:  4    Str:  4    XL:     3   Next: 37%
Magic:  3/7        EV: 33    Int: 26    God:
Gold:   91         SH:  0    Dex: 19    Spells: 5/8 levels left

rFire    . . .     SeeInvis +   a - +1 dagger
rCold    + . .     Faith    .   (shield restricted)
rNeg     . . .     Spirit   .   b - +0 robe
rPois    .         Reflect  .   (helmet restricted)
rElec    .         Harm     .   (no cloak)
rCorr    .         Rampage  .   (gloves unavailable)
Will     .....                  (boots unavailable)
Stlth    +++.......             e - amulet "Wasaicit" {Acrobat *Drain rC+ Int+9 Dex+4}
HPRegen  0.05/turn              (no ring)
MPRegen  0.10/turn              (no ring)

@: acrobatic, very quick
A: very small, no large weapons, unfitting armour, see invisible, speed 3,
hooves 1, icy blue scales 1, low mp 1
a: no special abilities


You were on level 2 of the Dungeon.
You visited 1 branch of the dungeon, and saw 2 of its levels.

You collected 91 gold pieces.

Inventory:

Hand Weapons
 a - a +1 dagger (weapon)
Armour
 b - a +0 robe (worn)
Jewellery
 e - the amulet "Wasaicit" (around neck) {Acrobat *Drain rC+ Int+9 Dex+4}
   (You acquired it on level 1 of the Dungeon)

   [amulet of the acrobat]

   It helps you evade while moving and waiting.
   It affects your intelligence (+9).
   It affects your dexterity (+4).
   It protects you from cold.
   It causes draining when unequipped.
Scrolls
 d - a scroll of noise {unknown}
 g - a scroll of torment {unknown}
 h - a scroll of random uselessness {unknown}
 i - a scroll of identify {unknown}
 k - a scroll of teleportation {unknown}
 l - a scroll of enchant weapon {unknown}
Potions
 c - a potion of curing {unknown}
 f - a potion of heal wounds {unknown}
 j - a potion of degeneration {unknown}


   Skills:
 + Level 0.1 Fighting
 + Level 1.4 Short Blades
 + Level 3.5 Dodging
 + Level 5.5 Stealth
 + Level 3.0 Spellcasting
 + Level 3.8 Hexes


You had 5 spell levels left.
You knew the following spells:

 Your Spells              Type           Power      Damage    Failure   Level
a - Corona                Hex            26%        N/A       1%          1
b - Ensorcelled Hibernat  Hex/Ice        28%        N/A       6%          2

Your spell library contained the following spells:

 Spells                   Type           Power      Damage    Failure   Level
 Confusing Touch          Hex            24%        N/A       6%          3
 Tukima's Dance           Hex            24%        N/A       6%          3
 Dazzling Flash           Conj/Hex       26%        N/A       13%         3


Dungeon Overview and Level Annotations

Branches:
Dungeon (2/15)

Altars:


Innate Abilities, Weirdness & Mutations

You are very small and have problems with some larger weapons.
You are too small for most types of armour.
You have supernaturally acute eyesight. (SInv)
You cover ground extremely quickly. (Speed+++)
You have large cloven feet.
You are partially covered in icy blue scales. (AC +2)
Your magical capacity is low. (-10% MP)


Message History

Confirm with . or Enter, or press ? or * to list all spells.
Aiming: Ensorcelled Hibernation (safe; 6% risk of failure)
Press: ? - help, Shift-Dir - straight line, f - gnoll
Aim: a gnoll, wielding a +0 flail (chance to affect: 52%)
The gnoll looks drowsy...
The helpless gnoll fails to defend itself.
You impale the gnoll!!
You kill the gnoll!
Your Spellcasting skill increases to level 3!
You see here a rat corpse.
Casting: Ensorcelled Hibernation (safe; 6% risk of failure)
Confirm with . or Enter, or press ? or * to list all spells.
Aiming: Ensorcelled Hibernation (safe; 6% risk of failure)
Press: ? - help, Shift-Dir - straight line, f - gnoll
Aim: a gnoll, wielding a +0 flail (chance to affect: 53%)
The gnoll resists with significant effort.
Casting: Ensorcelled Hibernation (safe; 6% risk of failure)
Confirm with . or Enter, or press ? or * to list all spells.
Aiming: Ensorcelled Hibernation (safe; 6% risk of failure)
Press: ? - help, Shift-Dir - straight line, f/p - gnoll
Aim: a gnoll, wielding a +0 flail (chance to affect: 53%)
The gnoll resists with significant effort.
A gnoll comes into view. It is wielding a +0 spear. x2
You barely miss the gnoll. The gnoll barely misses you.
The gnoll shouts!
You hit the gnoll.
The gnoll is lightly wounded.
The gnoll completely misses you.
You barely miss the gnoll. You kick the gnoll, but do no damage.
The gnoll is lightly wounded.
You hit the gnoll. You kick the gnoll, but do no damage.
The gnoll is lightly wounded.
The gnoll barely misses you. The gnoll completely misses you.
The gnoll hits you from afar with a +0 spear!
The gnoll completely misses you. The gnoll completely misses you. x2
The gnoll hits you from afar with a +0 spear!
Ouch! That really hurt!
You die...

# . #. #. ##g###
...).#############
.....#g.†........##
.........##.....@.#
.....#..###.......#
######..# #....gg.#
#..# #....g..# #..#
#.......# #).#
###+##..# #..# ##.#
#..# #.# #..### ###


You could see 3 gnolls.

Vanquished Creatures
  A gnoll (D:2)
  An adder (D:2)
  2 dart slugs (D:1)
  A leopard gecko (D:1)
  2 bats (D:1)
  A giant cockroach (D:1)
  3 goblins
  A hobgoblin (D:1)
  2 kobolds (D:2)
  2 frilled lizards
  5 rats
21 creatures vanquished.

Notes
Turn   | Place    | Note
-------+----------+-------------------------------------------
     0 | D:1      | Terratoch the Spriggan Enchanter began the quest for the
                  | Orb.
     0 | D:1      | Reached XP level 1. HP: 9/9 MP: 5/5
    47 | D:1      | Identified a scroll of acquirement
    47 | D:1      | Acquired the amulet "Wasaicit" {Acrobat *Drain rC+ Int+9
                  | Dex+4}
    62 | D:1      | Gained mutation: You have large cloven feet. [potion of
                  | mutation]
   239 | D:1      | Lost mutation: You have large cloven feet. [potion of
                  | mutation]
   239 | D:1      | Gained mutation: Your muscles are strong. (Str +2) [potion
                  | of mutation]
   239 | D:1      | Gained mutation: You expend magic power (3 MP) to
                  | strengthen your wands. [potion of mutation]
   379 | D:1      | Reached skill level 5 in Stealth
   379 | D:1      | Reached XP level 2. HP: 13/13 MP: 6/6
   382 | D:1      | Learned a level 2 spell: Ensorcelled Hibernation
   909 | D:1      | Lost mutation: Your muscles are strong. (Str +2) [potion of
                  | mutation]
   909 | D:1      | Lost mutation: You expend magic power (3 MP) to strengthen
                  | your wands. [potion of mutation]
   909 | D:1      | Gained mutation: You have large cloven feet. [potion of
                  | mutation]
   909 | D:1      | Gained mutation: Your magical capacity is low. (-10% MP)
                  | [potion of mutation]
   909 | D:1      | Gained mutation: You are partially covered in icy blue
                  | scales. (AC +2) [potion of mutation]
  1032 | D:2      | Reached XP level 3. HP: 10/16 MP: 1/7
  1391 | D:2      | Slain by a gnoll

Illustrated notes

Levels and vault maps discovered:
D:1:      kennysheep_arrival_forest, layout_basic
D:2:      layout_basic, gammafunk_temple_overflow_statue,
          nicolae_vehumet_altar_sigil, uniq_sigmund

Skill      XL: |  1  2  3 |
---------------+----------+-----
Stealth        | 5 |  5.5
Dodging        | 3 |  3.5
Spellcasting   | 3 |  3.0
Fighting       | |  0.1
Short Blades   | |  1.4
Hexes          | |  3.8

Action                   || total
-------------------------++-------
Melee: Dagger            ||    79
       Kick              ||     5
 Cast: Ensorcelled Hiber ||     6
  Use: Potion            ||     3
       Scroll            ||     1
 Stab: Sleeping          ||     7
Armor: Robe              ||    11
Dodge: Dodged            ||    67

Table legend: (Time is in decaauts)
 A = Elapsed time spent in this place.
 B = Non-inter-level travel time spent in this place.
 C = Inter-level travel time spent in this place.
 D = Time resting spent in this place.
 E = Time spent auto-exploring this place.
 F = Levels seen in this place.
 G = Mean time per level.
                   A        B        C        D        E       F      G
               +--------+--------+--------+--------+--------+-----+--------+
         Total |    986 |    959 |     27 |    116 |    538 |   2 |  493.0 |
       Dungeon |    986 |    959 |     27 |    116 |    538 |   2 |  493.0 |
               +--------+--------+--------+--------+--------+-----+--------+

Top non-repeatable levels by time:
     D:1: 656 daAuts
     D:2: 330 daAuts
